 Dungeon Crawl Stone Soup version 0.31-a0-997-g9a2f3ffc92 (webtiles) character file.

Game seed: 14990159329066000952

2867 Dirtsage the Cleaver (level 9, -2/75 HPs)
             Began as a Hill Orc Fighter on Nov 7, 2023.
             Was a Follower of Okawaru.
             Slain by a gnoll
             ... wielding a +0 flail
              (5 damage)
             ... on level 7 of the Dungeon.
             The game lasted 00:09:44 (6180 turns).

Dirtsage the Cleaver (Hill Orc Fighter)             Turns: 6180, Time: 00:09:44

Health: -2/75      AC: 10    Str: 23    XL:     9   Next: 75%
Magic:  8/9        EV: 10    Int:  8    God:    Okawaru [*.....]
Gold:   428        SH:  7    Dex: 10    Spells: 8/8 levels left

rFire   . . .        a - +0 war axe
rCold   . . .        q - +2 buckler
rNeg    . . .        b - +0 scale mail
rPois   .            k - +0 helmet
rElec   .            (no cloak)
rCorr   +            z - +1 pair of gloves
SInv    +            (no boots)
Will    .....        (no amulet) Stlth
                     S - ring of see invisible
HPRegen 0.32/turn    C - ring of resist corrosion
MPRegen 0.11/turn

%: no passive effects
@: no status effects
A: no striking features
a: Renounce Religion, Heroism


You were on level 7 of the Dungeon.
You worshipped Okawaru.
Okawaru was aware of your devotion.
You visited 2 branches of the dungeon, and saw 8 of its levels.
You also visited: Sewer.

You collected 428 gold pieces.

Inventory:

Hand Weapons
 a - a +0 war axe (weapon)
Armour
 b - a +0 scale mail (worn)
 c - a +0 buckler
 k - a +0 helmet (worn)
 q - a +2 buckler (worn)
 s - the +0 helmet of Reason {Will+ Int+6 Dex-4}
   (You found it on level 3 of the Dungeon)

   Int+6:     It affects your intelligence (+6).
   Dex-4:     It affects your dexterity (-4).
   Will+:     It increases your willpower.
 z - a +1 pair of gloves (worn)
Jewellery
 C - a ring of resist corrosion (right hand)
 H - an amulet of regeneration
 S - a ring of see invisible (left hand)
Wands
 A - a wand of iceblast (17)
Scrolls
 e - 2 scrolls of vulnerability {unknown}
 f - 2 scrolls of immolation {unknown}
 i - 3 scrolls of teleportation {unknown}
 j - a scroll of acquirement {unknown}
 l - 2 scrolls of butterflies {unknown}
 m - 2 scrolls of fear {unknown}
 t - 9 scrolls of identify {unknown}
 u - 3 scrolls of enchant weapon {unknown}
 v - a scroll of fog {unknown}
 y - a scroll of amnesia {unknown}
 B - a scroll of revelation {unknown}
 D - a scroll of silence {unknown}
Potions
 d - 2 potions of might
 g - 4 potions of invisibility {unknown}
 h - a potion of mutation {unknown}
 n - 2 potions of brilliance {unknown}
 o - 2 potions of heal wounds {unknown}
 p - 2 potions of attraction {unknown}
 r - a potion of berserk rage {unknown}
 w - a potion of haste {unknown}
 x - 5 potions of curing {unknown}
 E - a potion of lignification {unknown}
 F - a potion of degeneration {unknown}
 G - a potion of magic {unknown}


   Skills:
 + Level 5.7 Fighting
 * Level 14.1 Axes
 + Level 5.2 Armour
 + Level 2.8 Dodging
 + Level 5.2 Shields


You had 8 spell levels left.
You didn't know any spells.
Your spell library contained the following spells:

 Spells                   Type           Power      Damage    Failure   Level
 Slow                     Hex            0%         N/A       77%         1
 Sting                    Tmut/Pois      0%         1d3       77%         1
 Poisonous Vapours        Pois/Air       0%         N/A       88%         2
 Confusing Touch          Hex            0%         N/A       98%         3
 Sigil of Binding         Hex            0%         N/A       98%         3
 Vampiric Draining        Necr           0%         2d6       98%         3
 Olgreb's Toxic Radiance  Pois           0%         N/A       100%        4


Dungeon Overview and Level Annotations

Branches:
Dungeon (7/15)             Temple (1/1) D:5           Sewer (visited)

Altars:
Ashenzari
Elyvilon
Fedhas
Hepliaklqana
Kikubaaqudgha
Makhleb
Nemelex Xobeh
Okawaru
Qazlal
Ru
Sif Muna
Trog
Vehumet
Wu Jian
Xom
Yredelemnul
Zin
The Shining One


Message History

You take 8 damage, and have 26/75 hp.
You hit the iguana.
The iguana is severely wounded.
The gnoll hits you but does no damage.
The iguana bites you but does no damage.
You slash the iguana!
You kill the iguana!
Okawaru accepts your kill.
You hit the gnoll.
A gnoll comes into view. It is wielding a +0 flail.
The gnoll hits you with a +0 spear. The gnoll closely misses you.
The orc warrior hits you but does no damage.
The gnoll moves out of view.
Items here: $ )) †††.
You take 1 damage, and have 25/75 hp.
You closely miss the ogre. You slice the gnoll!!
You kill the gnoll!
Okawaru accepts your kill.
You slash the gnoll!
You kill the gnoll!
Okawaru accepts your kill.
You hit the orc warrior. The ogre closely misses you.
The orc warrior hits you but does no damage.
The gnoll shouts!
You slash the scorpion!
The scorpion is almost dead.
You slash the ogre! You closely miss the orc warrior. The scorpion stings you.
* * * LOW HITPOINT WARNING * * *
You block the orc warrior's attack.
You take 6 damage, and have 19/75 hp.
You slash the scorpion!
You kill the scorpion!
Okawaru accepts your kill.
You barely miss the orc warrior. You slash the ogre!
The ogre hits you with a +0 giant club!
* * * LOW HITPOINT WARNING * * *
You take 17 damage, and have 2/75 hp.
MASSIVE DAMAGE!!
You feel like a meek peon again. The orc warrior barely misses you.
The gnoll hits you with a +0 flail.
You die...

.........######.###.##..
#####....###..)).......##
#######..#######..##
##..##.....## #..##....#
.## #.##..##.##..#..
#.#....#.#..g..
#.#.##.#oc.# #.'.#.))@g.#
#.#.#...O......#
#.#...#.....!.##
#.##..##.....##
#..##..#....## ##.
##.....## # ######


You could see an orc warrior, an ogre, a centaur and 2 gnolls.

Vanquished Creatures
  Pikel (D:4)
  Grinder (D:4)
  An orc warrior (D:6)
  5 ogres
  A black bear (D:7)
  2 centaurs (D:5)
  A phantom (D:6)
  3 kobold brigands
  A bullfrog (D:7)
  2 scorpions
  3 wights (D:7)
  2 howler monkeys (D:6)
  3 hounds
  2 jellies
  2 orc priests
  A gnoll bouda (D:7)
  2 iguanas
  A sleepcap (D:5)
  Terence (D:2)
  Natasha (D:2)
  2 orc wizards
  Robin (D:2)
  7 gnolls
  9 adders
  4 river rats
  A shadow imp (D:6)
  2 white imps (D:6)
  2 ufetubi (D:5)
  4 worms
  17 orcs
  12 ball pythons
  4 endoplasms
  5 giant cockroaches
  15 goblins
  8 hobgoblins
  4 jackals (D:3)
  20 kobolds
  4 quokkas
  3 bats
  5 frilled lizards
  6 rats
171 creatures vanquished.

Vanquished Creatures (others)
  A butterfly (D:4)
1 creature vanquished.

Grand Total: 172 creatures vanquished

Notes
Turn   | Place    | Note
-------+----------+-------------------------------------------
     0 | D:1      | Dirtsage the Hill Orc Fighter began the quest for the Orb.
     0 | D:1      | Reached XP level 1. HP: 19/19 MP: 1/1
    98 | D:1      | Reached skill level 3 in Axes
   104 | D:1      | Reached XP level 2. HP: 27/27 MP: 2/2
  1060 | D:2      | Noticed Robin
  1064 | D:2      | Reached XP level 3. HP: 33/33 MP: 3/3
  1065 | D:2      | Reached skill level 4 in Axes
  1071 | D:2      | Killed Robin
  1075 | D:2      | Reached skill level 5 in Axes
  1075 | D:2      | Reached XP level 4. HP: 14/40 MP: 4/4
  1232 | D:2      | Noticed Terence
  1240 | D:2      | Killed Terence
  1449 | D:2      | Reached skill level 6 in Axes
  1504 | D:2      | Noticed Natasha
  1516 | D:2      | Killed Natasha
  1517 | D:2      | Reached XP level 5. HP: 45/46 MP: 5/5
  1768 | D:3      | Identified the +0 helmet of Reason {Will+ Int+6 Dex-4}
  2084 | D:3      | Found a glowing drain.
  2088 | Sewer    | Entered a sewer
  2097 | Sewer    | Reached skill level 7 in Axes
  2267 | Sewer    | Noticed a kobold brigand
  2279 | Sewer    | Killed a kobold brigand
  2280 | Sewer    | Reached skill level 8 in Axes
  2280 | Sewer    | Reached XP level 6. HP: 51/52 MP: 6/6
  3507 | D:4      | Found an iron altar of Okawaru.
  3558 | D:4      | Found a large runed translucent door.
  3558 | D:4      | Found a large runed translucent door.
  3572 | D:4      | Reached skill level 9 in Axes
  3660 | D:4      | Reached XP level 7. HP: 17/58 MP: 7/7
  3919 | D:4      | Noticed Grinder
  3936 | D:4      | Paralysed by Grinder for 5 turns
  3943 | D:4      | Killed Grinder
  3944 | D:4      | Reached skill level 10 in Axes
  3951 | D:4      | Noticed Pikel
  3960 | D:4      | Killed Pikel
  3961 | D:4      | Reached skill level 12 in Axes
  3961 | D:4      | Reached XP level 8. HP: 50/66 MP: 8/8
  4044 | D:4      | Found a white marble altar of Elyvilon.
  4188 | D:4      | Found a hazy altar of Hepliaklqana.
  4195 | D:4      | Found a sparkling altar of Nemelex Xobeh.
  4230 | D:5      | Entered Level 5 of the Dungeon
  4258 | D:5      | Found an ornate altar of the Wu Jian Council.
  4328 | D:5      | Found a staircase to the Ecumenical Temple.
  4409 | Temple   | Entered the Ecumenical Temple
  4452 | D:4      | Became a worshipper of Warmaster Okawaru
  4482 | D:5      | Reached skill level 1 in Dodging
  4585 | D:5      | Reached skill level 13 in Axes
  4752 | D:5      | Reached XP level 9. HP: 53/72 MP: 9/9
  5056 | D:6      | Reached * piety under Okawaru
  5289 | D:6      | Reached skill level 5 in Fighting
  5657 | D:6      | Found a glowing silver altar of Zin.
  6070 | D:7      | Reached skill level 5 in Armour
  6070 | D:7      | Reached skill level 5 in Shields
  6158 | D:7      | Reached skill level 14 in Axes
  6179 | D:7      | HP: 2/75 [ogre/+0 giant club (17)]
  6180 | D:7      | Slain by a gnoll

Illustrated notes

Levels and vault maps discovered:
D:1:      roderic_octagonal_star, layout_basic, minmay_misc_feat_x,
          chequers_serial_rivers_small_a
D:2:      layout_rooms, uniq_robin, uniq_natasha, uniq_terence
D:3:      layout_loops_corners, gup_sewer_entry_bowl, kennysheep_generic_room_6
D:4:      layout_basic, jmf_multi_god_temple2, nicolae_elyvilon_peaceful_grove,
          kennysheep_mini_moat, uniq_pikel, uniq_grinder
D:5:      layout_rooms, nicolae_overflow_crystal_walls,
          minmay_temple_entry_slanted
D:6:      layout_loops_ring, zin_academy, minmay_stone_trees_small
D:7:      minmay_the_grid_octo_triangle [minmay_the_grid_octo_vomiting_pacman,
          minmay_the_grid_octo_prize_big_c,
          minmay_the_grid_octo_tetromino_candy], layout_basic, serial_shops,
          shop, chequers_serial_rivers_marsh, minivault_26, uniq_maggie
Temple:   hellmonk_temple_forest_ring

Skill      XL: |  1  2  3  4  5  6  7  8  9 |
---------------+----------------------------+-----
Axes           | 3 5 6 8 9 12 13 14 | 14.1
Fighting       | 4 5 |  5.7
Dodging        | 1 2 |  2.8
Shields        | 4 5 |  5.2
Armour         | 4 5 |  5.2

Action                     |  1- 3 |  4- 6 |  7- 9 || total
---------------------------+-------+-------+-------++-------
  Melee: War axe           |    61 |   225 |   250 ||   536
 Invoke: Heroism           |       |       |     1 ||     1
  Evoke: Wand              |       |       |     1 ||     1
 Armour: Scale mail        |    51 |   122 |   158 ||   331
  Dodge: Dodged            |    43 |    96 |    78 ||   217
  Block: Buckler           |    23 |    54 |    68 ||   145

Table legend: (Time is in decaauts)
 A = Elapsed time spent in this place.
 B = Non-inter-level travel time spent in this place.
 C = Inter-level travel time spent in this place.
 D = Time resting spent in this place.
 E = Time spent auto-exploring this place.
 F = Levels seen in this place.
 G = Mean time per level.
                   A        B        C        D        E       F      G
               +--------+--------+--------+--------+--------+-----+--------+
         Total |   6263 |   6042 |    221 |      0 |   5031 |   9 |  695.9 |
       Dungeon |   5764 |   5544 |    220 |      0 |   4713 |   7 |  823.4 |
        Temple |      1 |      0 |      1 |      0 |      0 |   1 |    1.0 |
         Sewer |    496 |    496 |      0 |      0 |    318 |   1 |  496.0 |
               +--------+--------+--------+--------+--------+-----+--------+

Top non-repeatable levels by time:
     D:4: 1172 daAuts
     D:1: 1038 daAuts
     D:3: 1014 daAuts
     D:6: 971 daAuts
     D:5: 727 daAuts
     D:2: 658 daAuts
   Sewer: 496 daAuts
     D:7: 181 daAuts
  Temple: 1 daAuts
